 Dungeon Crawl Stone Soup version 0.30-a0-867-g305f33218d (webtiles) character file.

Game seed: 5448010735579662290

10 retardedninja the Covered (level 2, -1/26 HPs)
             Began as an Armataur Fighter on Mar 10, 2023.
             Slain by a quokka (3 damage)
             ... on level 1 of the Dungeon.
             The game lasted 00:00:25 (63 turns).

retardedninja the Covered (Armataur Fighter)          Turns: 63, Time: 00:00:26

Health: -1/26      AC:  7    Str: 21    XL:     2   Next: 10%
Magic:  2/2        EV:  7    Int:  8    God:
Gold:   0          SH:  4    Dex:  9    Spells: 1/1 levels left

rFire   . . .      SeeInvis .    a - +0 long sword
rCold   . . .      Faith    .    c - +0 buckler
rNeg    . . .      Spirit   .    b - +0 scale mail
rPois   .          Reflect  .    (no helmet)
rElec   .          Roll     +    (no cloak)
rCorr   .                        (no gloves)
Will    .....                    (no barding) Stlth
                                 (no amulet)
HPRegen 0.24/turn                (no ring)
MPRegen 0.08/turn                (no ring)

@: mighty
A: large, rugged brown scales 3, deformed body, armoured tail, roll, long
tongue, awkward tongue
a: no special abilities


You were on level 1 of the Dungeon.
You visited 1 branch of the dungeon, and saw 1 of its levels.

Inventory:

Hand Weapons
 a - a +0 long sword (weapon)
Armour
 b - a +0 scale mail (worn)
 c - a +0 buckler (worn)
Potions
 e - a potion of ambrosia {unknown}


   Skills:
 + Level 2.8 Fighting
 + Level 2.0 Long Blades
 + Level 3.8 Armour
 + Level 3.5 Shields


You had one spell level left.
You didn't know any spells.
Your spell library was empty.

Dungeon Overview and Level Annotations

Branches:
Dungeon (1/15)

Altars:


Innate Abilities, Weirdness & Mutations

You are completely covered in rugged brown scales. (AC +3, +7% HP)
Armour fits poorly on your strangely shaped body.
You have a long armoured tail.
You roll when moving toward enemies. (Rampage)
Your long tongue fully drains potion bottles. (2x potion effects)
Your tongue gives you trouble enunciating. (1.5x scroll delay)


Message History

You block the jackal's attack.
The ball python bites you but does no damage.
You block the jackal's attack.
You slash the ball python!
You kill the ball python!
The jackal closely misses you.
You closely miss the jackal. The jackal barely misses you.
The jackal bites you.
* * * LOW HITPOINT WARNING * * *
The jackal bites you but does no damage.
You block the jackal's attack.
You slash the jackal!
You kill the jackal!
The jackal barely misses you.
The quokka bites you but does no damage.
Your Long Blades skill increases to level 2!
You barely miss the jackal. The jackal barely misses you.
The quokka completely misses you. You block the jackal's attack.
You block the quokka's attack.
You slash the jackal!
You kill the jackal!
A bat comes into view.
You block the quokka's attack.
You have reached level 2!
You closely miss the hobgoblin.
The hobgoblin hits you but does no damage.
The quokka bites you but does no damage.
The hobgoblin closely misses you.
The quokka bites you but does no damage.
You slash the hobgoblin!
You kill the hobgoblin!
The bat hits you but does no damage. You block the quokka's attack.
The jackal pauses to sniff the ground.
You roll towards the bat!
You closely miss the bat. The bat hits you but does no damage.
The quokka bites you but does no damage.
The quokka bites you.
* * * LOW HITPOINT WARNING * * *
You closely miss the quokka. The bat barely misses you. The quokka bites you.
You die...

.. ##$# #######.#
...#...##.....#.########
...........#...........
###...##.....##..######
#..........#####.#.†..†
.####....##...#.#.≈≈≈.
#.##.##...#'#†≈≈≈.
#.#...#.<..'#†≈≈≈.
#@r...#...#'#†≈≈≈.
#.#.####$h.b.#...#.#.≈≈≈.
..........#.######.#.....
.......#.##.# ..######
........... ? ........
#.####.#....## ......## #
.....### ...... ......#
.......#


You could see a quokka, a jackal and a bat.

Vanquished Creatures
  3 hobgoblins (D:1)
  3 jackals (D:1)
  A kobold (D:1)
  A ball python (D:1)
8 creatures vanquished.

Vanquished Creatures (others)
  A ghoul (D:1)
  A minotaur (D:1)
  2 draconians (D:1)
  An octopode (D:1)
  A vine stalker (D:1)
  A troll (D:1)
  A formicid (D:1)
  A human (D:1)
  A naga (D:1)
  2 demigods (D:1)
  A dwarf (D:1)
  A felid (D:1)
  A mummy (D:1)
  6 tentacles (D:1)
21 creatures vanquished.

Grand Total: 29 creatures vanquished

Notes
Turn   | Place    | Note
-------+----------+-------------------------------------------
     0 | D:1      | retardedninja the Armataur Fighter began the quest for the
                  | Orb.
     0 | D:1      | Reached XP level 1. HP: 19/19 MP: 1/1
     2 | D:1      | Noticed a formicid
     2 | D:1      | Noticed a draconian
     2 | D:1      | Noticed a draconian
     2 | D:1      | Noticed an octopode
     2 | D:1      | Noticed a dwarf
     2 | D:1      | Noticed a demigod
     2 | D:1      | Noticed a naga
     2 | D:1      | Noticed a kraken
     2 | D:1      | Noticed a minotaur
     2 | D:1      | Noticed a vine stalker
     2 | D:1      | Noticed a troll
     2 | D:1      | Noticed a human
     2 | D:1      | Noticed a demigod
     2 | D:1      | Noticed a felid
     2 | D:1      | Noticed a ghoul
     3 | D:1      | Killed a demigod
     4 | D:1      | Killed a vine stalker
     5 | D:1      | Killed a human
     8 | D:1      | Killed a formicid
     9 | D:1      | Killed a felid
    10 | D:1      | Killed an octopode
    12 | D:1      | Killed a draconian
    15 | D:1      | Killed a ghoul
    15 | D:1      | Killed a draconian
    15 | D:1      | Killed a dwarf
    15 | D:1      | Killed a demigod
    18 | D:1      | Killed a troll
    19 | D:1      | Killed a minotaur
    20 | D:1      | Killed a naga
    60 | D:1      | Reached XP level 2. HP: 5/26 MP: 2/2
    63 | D:1      | Slain by a quokka

Illustrated notes

Levels and vault maps discovered:
D:1:      nicolae_arrival_kraken_aquarium_b, layout_loops_ring

Skill      XL: |  1 |
---------------+----+-----
Long Blades    | 2 |  2.0
Fighting       | |  2.8
Armour         | |  3.8
Shields        | |  3.5

Action                     || total
---------------------------++-------
  Melee: Long sword        ||    19
    Use: Potion            ||     1
 Armour: Scale mail        ||    23
  Dodge: Dodged            ||    15
  Block: Buckler           ||    13

Table legend: (Time is in decaauts)
 A = Elapsed time spent in this place.
 B = Non-inter-level travel time spent in this place.
 C = Inter-level travel time spent in this place.
 D = Time resting spent in this place.
 E = Time spent auto-exploring this place.
 F = Levels seen in this place.
 G = Mean time per level.
                   A        B        C        D        E       F      G
               +--------+--------+--------+--------+--------+-----+--------+
         Total |     68 |     68 |      0 |      0 |     18 |   1 |   68.0 |
       Dungeon |     68 |     68 |      0 |      0 |     18 |   1 |   68.0 |
               +--------+--------+--------+--------+--------+-----+--------+

Top non-repeatable levels by time:
     D:1: 68 daAuts
